 Dungeon Crawl Stone Soup version 0.29-a0-892-g2c4c91d9db (webtiles) character file.

Game seed: 16844397225994673734

653 Decritt the Trooper (level 7, -4/44 HPs)
             Began as a Gargoyle Fighter on July 21, 2022.
             Was an Initiate of Ru.
             Slain by a necrophage (5 damage)
             ... on level 6 of the Dungeon on July 22, 2022.
             The game lasted 00:11:20 (5583 turns).

Decritt the Trooper (Gargoyle Fighter)              Turns: 5583, Time: 00:11:20

Health: -4/44      AC: 15    Str: 22    XL:     7   Next: 54%
Magic:  7/7        EV: 11    Int:  8    God:    Ru [......]
Gold:   338        SH:  4    Dex:  9    Spells: 6/6 levels left

rFire   . . .      SeeInvis .   y - +1 morningstar (vorpal)
rCold   . . .      Faith    .   c - +0 buckler
rNeg    + . .      Spirit   .   r - +0 chain mail
rPois   ∞          Reflect  .   (no helmet)
rElec   +          Harm     .   (no cloak)
rCorr   .          Rampage  .   (no gloves)
Will    .....                   C - +0 pair of boots
Stlth   ..........              (no amulet)
HPRegen 0.14/turn               i - +4 ring of evasion
MPRegen 0.10/turn               (no ring)

@: no status effects
A: sickness immunity, AC +4, negative energy resistance 1, electricity
resistance, torment resistance 1, petrification resistance, no stealth
a: Renounce Religion


You were on level 6 of the Dungeon.
You worshipped Ru.
Ru was noncommittal.
You visited 2 branches of the dungeon, and saw 7 of its levels.

You collected 338 gold pieces.

Inventory:

Hand Weapons
 y - a +1 vorpal morningstar (weapon)
Missiles
 t - a throwing net (quivered)
Armour
 c - a +0 buckler (worn)
 n - a +1 pair of boots
 r - a +0 chain mail (worn)
 C - a +0 pair of boots (worn)
Jewellery
 g - an amulet of magic regeneration
 i - a +4 ring of evasion (left hand)
 A - a ring of wizardry
Wands
 u - a wand of polymorph (5)
 w - a wand of iceblast (9)
 x - a wand of quicksilver (5)
Scrolls
 e - a scroll of poison
 f - a scroll of teleportation
 l - a scroll of torment
Potions
 d - 2 potions of might
 h - a potion of haste {unknown}
 j - a potion of degeneration {unknown}
 o - 2 potions of magic
 q - a potion of berserk rage {unknown}
 s - a potion of mutation {unknown}
 z - a potion of flight {unknown}
 B - a potion of brilliance {unknown}


   Skills:
 * Level 5.5 Fighting
 * Level 4.5 Maces & Flails
 + Level 5.3 Armour
 + Level 5.2 Shields


You had 6 spell levels left.
You didn't know any spells.
Your spell library contained the following spells:

 Spells                   Type           Power      Damage    Failure   Level
 Sting                    Tmut/Pois      0%         1d3       99%         1
 Poisonous Vapours        Pois/Air       0%         N/A       100%        2
 Olgreb's Toxic Radiance  Pois           0%         N/A       100%        4


Dungeon Overview and Level Annotations

Branches:
Dungeon (6/15)             Temple (1/1) D:4

Altars:
Ashenzari
Dithmenos
Fedhas
Gozag
Hepliaklqana
Ru
Vehumet
Wu Jian
Xom
The Shining One

Annotations:
D:6 Dowan, Duvessa


Innate Abilities, Weirdness & Mutations

You are immune to sickness and miasma.
Your stone body is resilient. (AC +4)
You are immune to poison.
You resist negative energy. (rN+)
You are resistant to electric shocks. (rElec)
You are resistant to unholy torment.
You are immune to petrification.
You cannot be stealthy.


Message History

Duvessa is severely wounded.
Dowan gestures wildly while chanting.
Dowan blinks!
You hit Duvessa but do no damage.
Duvessa is severely wounded.
Duvessa hits you but does no damage. The necrophage barely misses you.
You hit Duvessa.
Duvessa is severely wounded.
Duvessa closely misses you. The necrophage misses you.
Duvessa hits you with a +0 short sword!
* * * LOW HITPOINT WARNING * * *
The necrophage barely misses you.
You are too injured to fight recklessly!
You barely miss Duvessa.
Duvessa is severely wounded.
Duvessa hits you but does no damage. Dowan hits you but does no damage.
You blink.
The necrophage hits you.
* * * LOW HITPOINT WARNING * * *
You barely miss the necrophage.
Dowan casts a spell at Duvessa.
Duvessa seems to speed up.
You block the necrophage's attack.
You hit Duvessa.
Duvessa is almost dead.
The necrophage hits you but does no damage.
Duvessa barely misses you. You block the necrophage's attack.
Dowan barely misses you.
You hit Duvessa.
Duvessa is almost dead.
Duvessa hits you with a +0 short sword.
* * * LOW HITPOINT WARNING * * *
Duvessa hits you with a +0 short sword.
* * * LOW HITPOINT WARNING * * *
Dowan hits you but does no damage. The necrophage barely misses you.
You feel better. Duvessa hits you but does no damage.
Dowan hits you but does no damage. Space warps horribly around you!
* * * LOW HITPOINT WARNING * * *
The necrophage hits you.
You die...

#+########...
...........#
...........#
...........#
......>....#
...........#
...........#
......en.$.#
......e@...#
...........#
+###########


You could see Duvessa (fast), a necrophage and Dowan.

Vanquished Creatures
  Sigmund (D:3)
  A phantom (D:4)
  2 scorpions
  A jelly (D:5)
  2 iguanas
  7 gnolls
  5 adders
  A white imp (D:5)
  A worm (D:2)
  3 dart slugs
  9 orcs (D:4)
  7 ball pythons
  6 endoplasms
  6 giant cockroaches
  12 goblins
  4 hobgoblins
  6 kobolds
  4 quokkas
  2 bats
  4 rats
84 creatures vanquished.

Notes
Turn   | Place    | Note
-------+----------+-------------------------------------------
     0 | D:1      | Decritt the Gargoyle Fighter began the quest for the Orb.
     0 | D:1      | Reached XP level 1. HP: 14/14 MP: 1/1
   225 | D:1      | Found a faded altar of an unknown god.
   473 | D:1      | Reached XP level 2. HP: 19/19 MP: 2/2
  1182 | D:2      | Reached XP level 3. HP: 24/24 MP: 3/3
  1876 | D:3      | Found a broken altar of Ashenzari.
  1926 | D:3      | Reached XP level 4. HP: 29/29 MP: 4/4
  1931 | D:3      | Found a hazy altar of Hepliaklqana.
  2068 | D:3      | Noticed Sigmund
  2091 | D:3      | Killed Sigmund
  2092 | D:3      | Reached XP level 5. HP: 17/34 MP: 5/5
  2092 | D:3      | Reached XP level 6. HP: 20/39 MP: 6/6
  2753 | D:4      | Found a staircase to the Ecumenical Temple.
  2776 | Temple   | Entered the Ecumenical Temple
  2844 | Temple   | Became a worshipper of Ru the Awakened
  3571 | D:4      | Upgraded the game from 0.29-a0-886-gfb1a3fa8b1 to
                  | 0.29-a0-892-g2c4c91d9db
  3666 | D:4      | Reached skill level 5 in Fighting
  3666 | D:4      | Reached skill level 5 in Armour
  3666 | D:4      | Reached skill level 5 in Shields
  3666 | D:4      | Reached XP level 7. HP: 33/44 MP: 7/7
  4262 | D:4      | Gained mutation: You cannot be stealthy. [Ru sacrifice]
  4330 | D:5      | Entered Level 5 of the Dungeon
  5568 | D:6      | Noticed Duvessa
  5568 | D:6      | Noticed Dowan
  5583 | D:6      | HP: 1/44 [Dowan/+0 dagger of distortion (12)]
  5583 | D:6      | Slain by a necrophage

Illustrated notes

Levels and vault maps discovered:
D:1:      eino_arrival_water_star, layout_basic,
          shapermc_ecumenical_altar_totnotflames
D:2:      layout_loops_corners
D:3:      layout_basic, marbit_many_paths, mainiacjoe_overflow_brackets,
          uniq_sigmund
D:4:      minmay_general_purpose_star, layout_gridville,
          minmay_temple_entry_trees
D:5:      layout_basic, amcnicky_mini_rare_corridor_liquid
D:6:      nicolae_BIG_FREAKIN_CUBE, layout_gridville, uniq_duvessa
Temple:   nicolae_temple_godpark

Skill      XL: |  1  2  3  4  5  6 |
---------------+-------------------+-----
Fighting       | 4 5 |  5.5
Maces & Flails | 3 4 |  4.5
Armour         | 4 5 |  5.3
Shields        | 4 5 |  5.2

Action                   |  1- 3 |  4- 6 |  7- 9 || total
-------------------------+-------+-------+-------++-------
Melee: Flail             |   101 |    87 |       ||   188
       Morningstar       |       |    19 |    67 ||    86
Invok: Sacrifice Stealth |       |       |     1 ||     1
  Use: Scroll            |       |       |     8 ||     8
       Potion            |       |       |     2 ||     2
Armor: Scale mail        |    51 |    53 |    28 ||   132
       Chain mail        |       |       |    19 ||    19
Dodge: Dodged            |    67 |   112 |    55 ||   234
Block: Buckler           |    27 |    32 |    26 ||    85

Table legend: (Time is in decaauts)
 A = Elapsed time spent in this place.
 B = Non-inter-level travel time spent in this place.
 C = Inter-level travel time spent in this place.
 D = Time resting spent in this place.
 E = Time spent auto-exploring this place.
 F = Levels seen in this place.
 G = Mean time per level.
                   A        B        C        D        E       F      G
               +--------+--------+--------+--------+--------+-----+--------+
         Total |   5674 |   5543 |    131 |    777 |   3977 |   7 |  810.6 |
       Dungeon |   5589 |   5468 |    121 |    777 |   3914 |   6 |  931.5 |
        Temple |     84 |     74 |     10 |      0 |     63 |   1 |   84.0 |
               +--------+--------+--------+--------+--------+-----+--------+

Top non-repeatable levels by time:
     D:3: 1481 daAuts
     D:5: 1212 daAuts
     D:4: 1040 daAuts
     D:2: 991 daAuts
     D:1: 813 daAuts
  Temple: 84 daAuts
     D:6: 52 daAuts
